 Dungeon Crawl Stone Soup version 0.30-a0-571-gdf30a72648 (webtiles) character file.

Game seed: 16670064886388617569

85924 greenreed the Bludgeoner (level 15, 0/149 HPs)
             Began as a Minotaur Fighter on Dec 29, 2022.
             Was the Champion of Nemelex Xobeh.
             Slain by a two-headed ogre
             ... wielding a +0 giant spiked club
              (7 damage)
             ... on level 1 of the Orcish Mines.
             The game lasted 00:47:11 (19650 turns).

greenreed the Bludgeoner (Minotaur Fighter)        Turns: 19650, Time: 00:47:11

Health: 0/149      AC: 28    Str: 22    XL:     15   Next: 39%
Magic:  9/21       EV:  9    Int: 14    God:    Nemelex Xobeh [******]
Gold:   1981       SH:  6    Dex: 11    Spells: 14/14 levels left

rFire   . . .      SeeInvis +    y - +4 flail (elec)
rCold   . . .      Faith    .    c - +0 buckler
rNeg    . . .      Spirit   .    R - +3 plate armour {Will+}
rPois   +          Reflect  .    S - +2 hat of the Thirsty Blessings {rPois Int+4 SInv}
rElec   .          Harm     .    (no cloak)
rCorr   .          Rampage  .    J - +0 pair of gloves of Bitir {Regen+ Str-5 Int+5 Slay+4}
Will    +++..                    Y - +0 pair of boots
Stlth   x                          - amulet of regeneration
HPRegen 2.04/turn                Z - ring of willpower
MPRegen 0.17/turn                X - +4 ring of protection

@: no status effects
A: horns 2, retaliatory headbutt
a: Renounce Religion, Draw Escape, Draw Destruction, Draw Summoning, Triple
Draw, Deal Four, Stack Five


You were on level 1 of the Orcish Mines.
You worshipped Nemelex Xobeh.
Nemelex Xobeh was exalted by your worship.
You visited 4 branches of the dungeon, and saw 23 of its levels.
You also visited: Bailey.

You collected 2166 gold pieces.
You spent 185 gold pieces at shops.

Inventory:

Hand Weapons
 y - a +4 flail of electrocution (weapon)
 V - a +2 flail of holy wrath
Missiles
 F - a curare-tipped dart (quivered)
Armour
 c - a +0 buckler (worn)
 J - the +0 pair of gloves of Bitir (worn) {Regen+ Str-5 Int+5 Slay+4}
   (You found it on level 9 of the Dungeon)

   Str:       It affects your strength (-5).
   Int:       It affects your intelligence (+5).
   Slay:      It affects your accuracy & damage with ranged weapons and melee
   (+4).
   Regen:     It increases your rate of health regeneration.
 R - a +3 plate armour of willpower (worn)
 S - the +2 hat of the Thirsty Blessings (worn) {rPois Int+4 SInv}
   (You acquired it on level 14 of the Dungeon)

   Int:       It affects your intelligence (+4).
   rPois:     It protects you from poison.
   SInv:      It lets you see invisible.
 Y - a +0 pair of boots (worn)
Jewellery
 g - an amulet of the acrobat
 x - an amulet of regeneration (around neck)
 H - a ring of flight
 K - a ring of protection from cold
 X - a +4 ring of protection (right hand)
 Z - a ring of willpower (left hand)
Wands
 k - a wand of polymorph (7)
 A - a wand of iceblast (8)
 I - a wand of charming (14)
 L - a wand of acid (3)
 Q - a wand of mindburst (17)
 T - a wand of flame (8)
Scrolls
 e - 4 scrolls of poison
 f - 10 scrolls of teleportation
 j - 4 scrolls of vulnerability
 m - 5 scrolls of fear
 p - 6 scrolls of enchant weapon
 q - a scroll of silence
 r - 2 scrolls of butterflies
 t - 3 scrolls of magic mapping
 z - 4 scrolls of amnesia
 C - 5 scrolls of enchant armour
 D - a scroll of torment
 E - 6 scrolls of blinking
 M - 2 scrolls of fog
 O - 2 scrolls of immolation
 U - 4 scrolls of identify
Potions
 a - 3 potions of ambrosia
 d - 7 potions of might
 h - 7 potions of lignification
 i - 5 potions of haste
 l - 4 potions of brilliance
 n - a potion of berserk rage
 o - 3 potions of mutation
 s - 9 potions of heal wounds
 u - 2 potions of cancellation
 v - 3 potions of attraction
 w - 4 potions of invisibility
 B - 5 potions of curing
 G - 2 potions of magic
 N - a potion of flight
 P - a potion of resistance {unknown}


   Skills:
 * Level 17.8 Fighting
 * Level 18.6 Maces & Flails
 + Level 13.3 Armour
 + Level 8.8 Dodging
 + Level 1.6 Stealth
 + Level 8.8 Shields
 * Level 9.7 Invocations


You had 14 spell levels left.
You didn't know any spells.
Your spell library contained the following spells:

 Spells                   Type           Power      Damage    Failure   Level
 Magic Dart               Conj           0%         1d3       98%         1
 Call Imp                 Summ           0%         N/A       99%         2
 Dazzling Flash           Conj/Hex       0%         N/A       100%        3
 Ignite Poison            Fire/Tmut/Pois 0%         N/A       100%        3
 Kindle Blastsparks       Fire/Tloc/Air  0%         2d10      100%        3
 Mephitic Cloud           Conj/Pois/Air  0%         N/A       100%        3
 Animate Dead             Necr           0%         N/A       100%        4
 Iskenderun's Mystic Bla  Conj/Tloc      0%         2d3       100%        4
 Petrify                  Tmut/Erth      0%         N/A       100%        4
 Sticky Flame             Conj/Fire      0%         2d3       100%        4
 Summon Ice Beast         Ice/Summ       0%         N/A       100%        4
 Borgnjor's Vile Clutch   Necr/Erth      0%         N/A       100%        5
 Freezing Cloud           Conj/Ice/Air   0%         6-21      100%        5
 Iskenderun's Battlesphe  Conj           0%         2d6       100%        5
 Metabolic Englaciation   Hex/Ice        0%         N/A       100%        5
 Summon Mana Viper        Hex/Summ       0%         N/A       100%        5
 Yara's Violent Unravell  Hex/Tmut       0%         3d3       100%        5
 Death Channel            Necr           0%         N/A       100%        6
 Iron Shot                Conj/Erth      0%         9d1       100%        6
 Starburst                Conj/Fire      0%         6d3       100%        6
 Statue Form              Tmut/Erth      0%         N/A       100%        6
 Enfeeble                 Hex            0%         N/A       100%        7
 Monstrous Menagerie      Summ           0%         N/A       100%        7
 Spellforged Servitor     Conj/Summ      0%         N/A       100%        7
 Ignition                 Fire           0%         3d3       100%        8


Dungeon Overview and Level Annotations

Branches:
Dungeon (15/15)            Temple (1/1) D:5            Lair (5/5) D:11
 Shoals (0/4) Lair:2        Snake (0/4) Lair:2        Slime (0/5) Lair:5
    Orc (2/2) D:10            Elf (0/3) Orc:2        Vaults (0/5) D:14
 Depths (0/4) D:15         Bailey (visited)

Altars:
Ashenzari
Cheibriados
Dithmenos
Elyvilon
Fedhas
Gozag
Hepliaklqana
Kikubaaqudgha
Makhleb
Nemelex Xobeh
Okawaru
Qazlal
Ru
Sif Muna
Trog
Uskayaw
Vehumet
Wu Jian
Xom
Yredelemnul
Zin
The Shining One

Shops:
D:11 (   D:13 *


Innate Abilities, Weirdness & Mutations

You have a pair of horns on your head.
You reflexively headbutt those who attack you in melee.


Message History

You are too injured to fight recklessly!
You are too injured to fight recklessly!
You are too injured to fight recklessly!
You are too injured to fight recklessly!
You sock the shock serpent!
The shock serpent is heavily wounded.
The shock serpent's electric aura discharges, shocking you!
You block the shock serpent's attack.
The mana viper bites you but does no damage.
You sock the shock serpent! You headbutt the shock serpent.
The shock serpent is severely wounded.
The shock serpent's electric aura discharges, shocking you!
The shock serpent bites you! The shock serpent shocks you!
You block the mana viper's attack. The two-headed ogre closely misses you.
The two-headed ogre hits you with a +0 giant club!
You closely miss the shock serpent. Your headbutt misses the shock serpent.
The shock serpent is severely wounded.
You block the shock serpent's attack. The mana viper bites you.
You feel your power leaking away.
You barely miss the shock serpent.
The shock serpent is severely wounded.
The shock serpent bites you but does no damage.
The mana viper bites you.
* * * LOW HITPOINT WARNING * * *
You feel your power leaking away.
The two-headed ogre hits you but does no damage. x2
You bludgeon the two-headed ogre!!
The two-headed ogre is heavily wounded.
The shock serpent barely misses you. You furiously retaliate!
You headbutt the shock serpent. The mana viper bites you!
* * * LOW HITPOINT WARNING * * *
You feel your power leaking away.
You draw a card...
You have drawn the Cloud.
Clouds appear around you!
The shock serpent shoots out a bolt of lightning at you!
The bolt of electricity hits you!!
* * * LOW HITPOINT WARNING * * *
You block the mana viper's attack.
The two-headed ogre hits you with a +0 giant spiked club!
You die...
Your body glows with a rainbow of weird colours and disappears.

..#.............#......######
###......................##.##
##...........#..............#
#.................#...#.##.##
##.....................######
#.......................#
...##..#......§§§.......##
#......#......§O§†.......##
##.#....#..#..§§@§§.....#.##
###....[......§SS§...##...##
###..........§§§§.....#...#
##..##.....................##
#...........................#
#...#.......#..............##
##....#................#....##
#.....#.........#.....#......#
...#............#.....#......#


You could see a two-headed ogre, a shock serpent and a mana viper.

Vanquished Creatures
  An emperor scorpion (Lair:5)
  A yellow draconian (Orc:2)
  A fire dragon (D:15)
  A vault guard (D:14)
  5 hydras
  3 catoblepae
  3 ogre magi (Orc:2)
  Erica (Lair:2)
  3 boulder beetles
  2 centaur warriors (D:14)
  4 death yaks (Lair:5)
  A deep troll shaman (Lair:5)
  10 two-headed ogres
  2 tengu warriors (D:15)
  Amaemon (D:9)
  A fire crab (shapeshifter) (D:14)
  A skeletal warrior (D:11)
  2 deep elf pyromancers
  4 cyclopes
  A wizard (D:14)
  A necromancer (D:14)
  An orc knight (D:15)
  13 ugly things
  A salamander (shapeshifter) (D:15)
  6 manticores
  Maurice (D:8)
  8 elephants
  An orange demon (D:9)
  3 black mambas
  Maggie (D:9)
  A kobold demonologist (D:13)
  14 cane toads
  2 efreet
  3 unseen horrors
  3 rime drakes
  11 komodo dragons
  A freezing wraith (D:14)
  A yaktaur (D:14)
  4 merfolk (Lair:2)
  5 polar bears
  11 trolls
  A tarantella (shapeshifter) (D:14)
  6 slime creatures
  Prince Ribbit (D:9)
  6 dream sheep (Lair:5)
  24 blink frogs
  2 wraiths
  4 wyverns
  A fire bat (shapeshifter) (D:14)
  A basilisk (Lair:5)
  41 yaks
  21 humans (D:14)
  A redback (Orc:1)
  3 steam dragons
  Menkaure (D:4)
  2 vampire mosquitoes (D:12)
  A warg (D:15)
  2 acid dragons
  5 water moccasins
  13 orc warriors
  3 sky beasts
  9 ice beasts
  14 ogres (Orc:2)
  A wolf (shapeshifter) (Orc:1)
  A boggart (Orc:2)
  18 wolves
  A tengu (Orc:2)
  A centaur (D:8)
  A phantom (D:5)
  5 kobold brigands
  A gnoll sergeant (D:9)
  12 bullfrogs
  A necrophage (D:4)
  3 scorpions
  15 wights
  39 killer bees
  7 electric eels
  7 howler monkeys
  A lava snake (Lair:2)
  4 jellies
  2 hounds
  4 orc priests
  An iron imp (D:10)
  Jessica (D:3)
  5 hell rats (Lair:4)
  4 iguanas
  15 orc wizards
  11 gnolls
  8 adders
  A river rat (Orc:2)
  3 shadow imps
  2 worms
  3 dart slugs
  47 orcs
  2 endoplasms
  A giant cockroach (D:1)
  4 hobgoblins
  2 quokkas
  8 ball pythons
  5 bats
  2 frilled lizards
  8 goblins
  24 kobolds
  4 rats
587 creatures vanquished.

Vanquished Creatures (collateral kills)
  An ice dragon (D:15)
  2 two-headed ogres (Orc:2)
  Urug (Lair:1)
  2 ogres (Orc:2)
  4 killer bees (Lair:1)
10 creatures vanquished.

Vanquished Creatures (others)
  A bullfrog (Lair:1)
  14 fungi
  31 plants
46 creatures vanquished.

Grand Total: 643 creatures vanquished

Notes
Turn   | Place    | Note
-------+----------+-------------------------------------------
     0 | D:1      | greenreed the Minotaur Fighter began the quest for the Orb.
     0 | D:1      | Reached XP level 1. HP: 19/19 MP: 0/0
   231 | D:1      | Reached XP level 2. HP: 27/27 MP: 1/1
  1092 | D:2      | Reached XP level 3. HP: 24/33 MP: 2/2
  1134 | D:2      | Found a faded altar of an unknown god.
  1559 | D:2      | Reached skill level 3 in Maces & Flails
  2184 | D:3      | Noticed Jessica
  2192 | D:3      | Killed Jessica
  2193 | D:3      | Reached XP level 4. HP: 39/41 MP: 3/3
  2759 | D:3      | Reached skill level 5 in Fighting
  2759 | D:3      | Reached XP level 5. HP: 43/48 MP: 4/4
  2813 | D:4      | Noticed an ice beast
  2825 | D:4      | Killed an ice beast
  2826 | D:4      | Reached skill level 4 in Maces & Flails
  2832 | D:4      | Reached XP level 6. HP: 57/57 MP: 5/5
  2987 | D:4      | Noticed Menkaure
  2996 | D:4      | Killed Menkaure
  2997 | D:4      | Reached skill level 5 in Maces & Flails
  2997 | D:4      | Reached skill level 1 in Dodging
  3051 | D:4      | Reached skill level 5 in Armour
  3384 | D:5      | Entered Level 5 of the Dungeon
  3434 | D:5      | Reached XP level 7. HP: 55/63 MP: 6/6
  3528 | D:5      | Reached skill level 6 in Maces & Flails
  3652 | D:5      | Found a shadowy altar of Dithmenos.
  3894 | D:5      | Found a staircase to the Ecumenical Temple.
  3903 | Temple   | Entered the Ecumenical Temple
  3955 | Temple   | Became a worshipper of Nemelex Xobeh the Trickster
  4011 | D:5      | Reached skill level 7 in Maces & Flails
  4949 | D:6      | Found a shimmering altar of Xom.
  4950 | D:6      | Found a hazy altar of Hepliaklqana.
  4951 | D:6      | Noticed a spectral ugly thing
  5015 | D:6      | Reached XP level 8. HP: 55/71 MP: 7/7
  5131 | D:6      | Found a burning altar of Makhleb.
  5483 | D:6      | Reached skill level 8 in Maces & Flails
  5505 | D:7      | Reached skill level 1 in Invocations
  5566 | D:7      | Reached skill level 9 in Maces & Flails
  5793 | D:7      | Reached XP level 9. HP: 49/79 MP: 9/9
  5857 | D:7      | Reached skill level 10 in Maces & Flails
  6228 | D:7      | Reached * piety under Nemelex Xobeh
  6623 | D:8      | Noticed Maurice
  6662 | D:8      | Killed Maurice
  6663 | D:8      | Reached skill level 5 in Shields
  6669 | D:8      | Reached skill level 11 in Maces & Flails
  6790 | D:8      | Received a gift from Nemelex Xobeh
  6807 | D:8      | Found a flagged portal.
  6815 | Bailey   | Entered a bailey
  7125 | Bailey   | Noticed an orc knight
  7125 | Bailey   | Noticed an orc knight
  7125 | Bailey   | Noticed an orc knight
  7302 | D:8      | Reached ** piety under Nemelex Xobeh
  7534 | D:8      | Noticed a troll
  7554 | D:8      | Killed a troll
  7555 | D:8      | Reached XP level 10. HP: 39/90 MP: 11/11
  7972 | D:9      | Reached skill level 12 in Maces & Flails
  8613 | D:9      | Noticed Amaemon
  8613 | D:9      | Noticed an orange demon
  8625 | D:9      | Killed Amaemon
  8631 | D:9      | Killed an orange demon
  8690 | D:9      | Found a white marble altar of Elyvilon.
  8812 | D:9      | Reached *** piety under Nemelex Xobeh
  8838 | D:9      | Identified the +0 pair of gloves of Bitir {Regen+ Str-5
                  | Int+5 Slay+4}
  8875 | D:9      | Reached skill level 10 in Fighting
  8997 | D:9      | Noticed Maggie
  8998 | D:9      | Noticed Prince Ribbit
  9007 | D:9      | Killed Maggie
  9008 | D:9      | Reached skill level 13 in Maces & Flails
  9011 | D:9      | Killed Prince Ribbit
  9269 | D:10     | Entered Level 10 of the Dungeon
  9458 | D:10     | Reached XP level 11. HP: 97/98 MP: 13/13
  9547 | D:10     | Reached skill level 1 in Stealth
  9739 | D:10     | Found a snail-covered altar of Cheibriados.
  9747 | D:10     | Reached skill level 14 in Maces & Flails
  9754 | D:10     | Reached skill level 5 in Invocations
  9810 | D:10     | Found an iron altar of Okawaru.
  9917 | D:10     | Found a staircase to the Orcish Mines.
 10017 | D:10     | Found a basalt altar of Yredelemnul.
 10019 | D:10     | Found a broken altar of Ashenzari.
 10061 | D:11     | Received a gift from Nemelex Xobeh
 10114 | D:11     | Found Ojuastroe's Antique Weapon Emporium.
 10201 | D:11     | Found a staircase to the Lair.
 10249 | D:11     | Reached skill level 5 in Dodging
 10445 | D:11     | Noticed a skeletal warrior
 10458 | D:11     | Killed a skeletal warrior
 10906 | D:12     | Reached **** piety under Nemelex Xobeh
 11019 | D:12     | Noticed a two-headed ogre
 11022 | D:12     | Killed a two-headed ogre
 11023 | D:12     | Reached skill level 15 in Maces & Flails
 11033 | D:12     | Noticed a deep elf pyromancer
 11046 | D:12     | Killed a deep elf pyromancer
 11173 | D:12     | Reached XP level 12. HP: 101/112 MP: 15/15
 11773 | D:13     | Found Exzeseocu's Assorted Antiques.
 11785 | D:13     | Bought a scroll labelled XIBBET ATOUSIE for 37 gold pieces
 11785 | D:13     | Bought a scroll of identify for 74 gold pieces
 11785 | D:13     | Bought a scroll of identify for 74 gold pieces
 11797 | D:13     | Received a gift from Nemelex Xobeh
 11840 | D:13     | Noticed a boulder beetle
 11854 | D:13     | Killed a boulder beetle
 11920 | D:13     | Reached skill level 10 in Armour
 12030 | D:13     | Noticed a boulder beetle
 12047 | D:13     | Killed a boulder beetle
 12180 | D:13     | Received a gift from Nemelex Xobeh
 12278 | D:13     | Reached ***** piety under Nemelex Xobeh
 12358 | D:13     | Noticed a two-headed ogre
 12366 | D:13     | Killed a two-headed ogre
 12438 | D:13     | Noticed a two-headed ogre
 12444 | D:13     | Killed a two-headed ogre
 12445 | D:13     | Identified the +7 scimitar of Gehujeom {holy, Dex+4}
 12651 | D:14     | Received a gift from Nemelex Xobeh
 12659 | D:14     | Noticed a centaur warrior
 12665 | D:14     | Killed a centaur warrior
 12685 | D:14     | Identified the +3 arbalest of Hubris {heavy, rF+}
 12927 | D:14     | Reached XP level 13. HP: 94/122 MP: 17/17
 12928 | D:14     | Reached skill level 16 in Maces & Flails
 12955 | D:14     | Found a gate to the Vaults.
 13146 | D:14     | Found a snail-covered altar of Cheibriados.
 13149 | D:14     | Found a blossoming altar of Fedhas.
 13149 | D:14     | Found a shadowy altar of Dithmenos.
 13151 | D:14     | Found a radiant altar of Vehumet.
 13151 | D:14     | Found a blossoming altar of Fedhas.
 13151 | D:14     | Found a shimmering altar of Xom.
 13381 | D:14     | Identified a scroll of acquirement
 13383 | D:14     | Acquired the +2 hat of the Thirsty Blessings {rPois Int+4
                  | SInv}
 13563 | D:15     | Entered Level 15 of the Dungeon
 14145 | D:15     | Received a gift from Nemelex Xobeh
 14177 | D:15     | Noticed a fire dragon
 14184 | D:15     | Killed a fire dragon
 14235 | D:15     | Found a staircase to the Depths.
 14447 | D:15     | HP: 4/125 [cyan ugly thing (17)]
 14563 | D:15     | Found a shadowy altar of Dithmenos.
 14716 | Lair:1   | Entered Level 1 of the Lair of Beasts
 14746 | Lair:1   | Noticed Urug
 14794 | Lair:1   | Reached skill level 17 in Maces & Flails
 14798 | Lair:1   | Killed Urug
 14799 | Lair:1   | Reached skill level 15 in Fighting
 15121 | Lair:1   | Received a gift from Nemelex Xobeh
 15151 | Lair:1   | Reached XP level 14. HP: 133/135 MP: 19/19
 15966 | Lair:2   | Found a staircase to the Snake Pit.
 16168 | Lair:2   | Received a gift from Nemelex Xobeh
 16170 | Lair:2   | Noticed Erica
 16177 | Lair:2   | Killed Erica
 16329 | Lair:2   | Found a staircase to the Shoals.
 17008 | Lair:4   | Reached ****** piety under Nemelex Xobeh
 17008 | Lair:4   | Received a gift from Nemelex Xobeh
 17559 | Lair:4   | Received a gift from Nemelex Xobeh
 17819 | Lair:5   | Entered Level 5 of the Lair of Beasts
 18147 | Lair:5   | Found a staircase to the Slime Pits.
 18250 | Lair:5   | Reached skill level 18 in Maces & Flails
 18295 | Lair:5   | a death yak changed into an emperor scorpion
 18295 | Lair:5   | Noticed an emperor scorpion
 18297 | Lair:5   | Identified the +0 quarterstaff of Benevolence {holy, Dex+9}
 18314 | Lair:5   | Killed an emperor scorpion
 18340 | Lair:5   | Reached XP level 15. HP: 121/147 MP: 21/21
 18440 | Lair:5   | Received a gift from Nemelex Xobeh
 19124 | Orc:1    | Entered Level 1 of the Orcish Mines
 19329 | Orc:2    | Entered Level 2 of the Orcish Mines
 19329 | Orc:2    | Received a gift from Nemelex Xobeh
 19474 | Orc:2    | Found a staircase to the Elven Halls.
 19650 | Orc:1    | HP: 7/149 [shock serpent/bolt of electricity (25)]
 19650 | Orc:1    | Slain by a two-headed ogre

Illustrated notes

Levels and vault maps discovered:
D:1:      minmay_arrival_stone_box, layout_basic, minmay_pentomino_x4
D:2:      layout_basic, basic_ecumenical_altar
D:3:      layout_loops_ring, minmay_misc_feat_tower, uniq_jessica
D:4:      layout_loops_ring, uniq_menkaure
D:5:      layout_gridville, lemuel_crystal_altar, temple_hall,
          minmay_misc_feat_secret_circle, chequers_jeans, minivault_26,
          kennysheep_minor_cross
D:6:      layout_loops_ring, regret_index_temple_of_mockery,
          lightli_temple_of_fire
D:7:      layout_rooms, serial_bayou, serial_bayou_lagoon_b,
          serial_bayou_ford_a, serial_bayou_pond_b, serial_bayou_lake_a,
          chequers_serial_rivers_marsh
D:8:      minmay_spotlight, layout_loops_ring, enter_bailey_2, minivault_1,
          uniq_maurice
D:9:      layout_grid_maze, mainiacjoe_overflow_alcove_1, uniq_maggie,
          uniq_amaemon, uniq_prince_ribbit1
D:10:     layout_rooms, nicolae_overflow_hidden_temple, slow_altar_1,
          david_orc_4
D:11:     minmay_general_purpose_star, layout_basic, hellmonk_lair_entry_icy,
          serial_shops, shop, library_closet
D:12:     layout_long_grid, hangedman_decor_growths
D:13:     layout_irregular_city, serial_shops, nicolae_stop_n_shop_2
D:14:     layout_loops_ring, grunt_vaults_entry_tiered, doesnt_xom_only_xom,
          minmay_quadrilaterals
D:15:     grunt_enter_depths_hoard, layout_loops_cross, columned_hall_lemuel,
          grunt_dithmenos_smoke_and_mirrors
Temple:   nicolae_temple_god_jail
Lair:1:   wad_woods_minihive, layout_gridlike, uniq_urug
Lair:2:   layout_gridlike, elwin_shoals_entry_stream, grunt_megastairs_2,
          serial_bayou_shore_b, uniq_erica
Lair:3:   layout_cave_shapes, grunt_megastairs_4
Lair:4:   layout_roguey, serial_bayou_shore_b
Lair:5:   grunt_lair_end_beastmaster, layout_cave_pods, slime_entry_1,
          infiniplex_staircase_pool_2, lemuel_fruit_fields
Orc:1:    layout_caves
Orc:2:    st_orc_ogre_mass, layout_caves, lemuel_statue_altar

Skill      XL: |  1  2  3  4  5  6  7  8  9 10 11 12 13 14 |
---------------+-------------------------------------------+-----
Shields        | 4 5 6 7 8 |  8.8
Fighting       | 4 5 6 7 8 10 11 13 15 17 | 17.8
Armour         | 4 5 7 8 9 11 12 13 | 13.3
Maces & Flails | 3 4 5 7 9 11 13 15 17 18 | 18.6
Dodging        | 1 2 3 4 5 6 7 8 |  8.8
Invocations    | 2 3 4 5 7 8 9 |  9.7
Stealth        | 1 |  1.6

Action                   |  1- 3 |  4- 6 |  7- 9 | 10-12 | 13-15 || total
-------------------------+-------+-------+-------+-------+-------++-------
Melee: Flail             |   103 |    66 |   333 |   516 |   795 ||  1813
       Headbutt          |    10 |    10 |    49 |   107 |   211 ||   387
Invok: Draw Destruction  |       |       |       |    13 |    29 ||    42
       Draw Summoning    |       |       |       |       |    10 ||    10
       Draw Escape       |       |       |       |       |     1 ||     1
  Use: Potion            |       |       |     1 |       |     1 ||     2
       Scroll            |       |       |       |    24 |     7 ||    31
 Stab: Distracted        |       |       |       |       |     1 ||     1
       Petrified         |       |       |       |       |     1 ||     1
Armor: Scale mail        |    42 |    38 |   114 |   187 |   367 ||   748
       Plate armour      |       |       |       |       |    45 ||    45
Dodge: Dodged            |    40 |    20 |   140 |   201 |   454 ||   855
Block: Buckler           |    22 |     9 |    50 |    91 |   199 ||   371

Table legend: (Time is in decaauts)
 A = Elapsed time spent in this place.
 B = Non-inter-level travel time spent in this place.
 C = Inter-level travel time spent in this place.
 D = Time resting spent in this place.
 E = Time spent auto-exploring this place.
 F = Levels seen in this place.
 G = Mean time per level.
                   A        B        C        D        E       F      G
               +--------+--------+--------+--------+--------+-----+--------+
         Total |  19493 |  18382 |   1111 |    572 |  14144 |  24 |  812.2 |
       Dungeon |  14376 |  13590 |    786 |    489 |  10619 |  15 |  958.4 |
        Temple |     61 |     40 |     21 |      0 |     28 |   1 |   61.0 |
          Lair |   4198 |   3906 |    292 |      0 |   3069 |   5 |  839.6 |
  Orcish Mines |    504 |    493 |     11 |     34 |    290 |   2 |  252.0 |
        Bailey |    352 |    352 |      0 |     49 |    137 |   1 |  352.0 |
               +--------+--------+--------+--------+--------+-----+--------+

Top non-repeatable levels by time:
     D:9: 1365 daAuts
    D:14: 1163 daAuts
     D:5: 1152 daAuts
     D:2: 1118 daAuts
  Lair:5: 1099 daAuts
     D:7: 1096 daAuts
  Lair:1: 1001 daAuts
     D:6: 994 daAuts
     D:1: 939 daAuts
     D:8: 939 daAuts
    D:15: 921 daAuts
  Lair:4: 884 daAuts
    D:12: 877 daAuts
    D:11: 861 daAuts
    D:10: 819 daAuts
